 Dungeon Crawl Stone Soup version 0.30.0-29-ga12c61a403 (webtiles) character file.

Game seed: 632748409423085111

2188 qw the Cleaver (level 9, -1/57 HPs)
             Began as a Gargoyle Fighter on June 3, 2023.
             Was an Initiate of Okawaru.
             Slain by a yak (10 damage)
             ... on level 6 of the Dungeon.
             The game lasted 00:02:55 (5058 turns).

qw the Cleaver (Gargoyle Fighter)                   Turns: 5058, Time: 00:02:56

Health: -1/57      AC: 17    Str: 25    XL:     9   Next: 33%
Magic:  9/9        EV:  8    Int: 10    God:    Okawaru [......]
Gold:   295        SH:  4    Dex: 11    Spells: 8/8 levels left

rFire   + . .        Y - +1 war axe
rCold   + . .        c - +0 buckler
rNeg    + . .        o - +0 chain mail "Derghuics" {Stlth+}
rPois   inf          (no helmet)
rElec   +            (no cloak)
rCorr   +            q - +0 pair of gloves of the Shore {rCorr}
SInv    +            (no boots)
Will    .....        (no amulet) Stlth
                     m - ring of see invisible
HPRegen 0.29/turn    p - ring "Facoicev" {Wiz rF+ rC+ Str+2 Dex+2}
MPRegen 0.11/turn

%: wizardry (x1)
@: about to teleport
A: sickness immunity, AC +6, negative energy resistance 1, electricity
resistance, torment resistance 1, petrification resistance
a: Renounce Religion


You were on level 6 of the Dungeon.
You worshipped Okawaru.
Okawaru was noncommittal.
You visited 2 branches of the dungeon, and saw 9 of its levels.

You collected 295 gold pieces.


Innate Abilities, Weirdness & Mutations

You are immune to sickness and miasma.
Your stone body is resilient. (AC +6)
You are immune to poison.
You resist negative energy. (rN+)
You are resistant to electric shocks. (rElec)
You are resistant to unholy torment.
You are immune to petrification.


   Skills:
 - Level 7.6 Fighting
 - Level 9.0 Axes
 - Level 2.0 Throwing
 - Level 4.0 Armour
 - Level 1.0 Dodging
 + Level 3.5 Shields


You had 8 spell levels left.
You didn't know any spells.
Your spell library was empty.

Inventory:

Hand Weapons
 g - a +2 morningstar of holy wrath
 Y - a +1 war axe (weapon)
Missiles
 j - 5 boomerangs (quivered)
Armour
 c - a +0 buckler (worn)
 o - the +0 chain mail "Derghuics" (worn) {Stlth+}
   (You found it on level 3 of the Dungeon)

   Stlth:     It makes you more stealthy.
 q - the +0 pair of gloves of the Shore (worn) {rCorr}
   (You found it on level 5 of the Dungeon)

   rCorr:     It protects you from acid and corrosion.
Jewellery
 m - a ring of see invisible (left hand)
 p - the ring "Facoicev" (right hand) {Wiz rF+ rC+ Str+2 Dex+2}
   (You found it on level 3 of the Dungeon)

   [ring of wizardry]

   It improves your spell success rate.
   Str:       It affects your strength (+2).
   Dex:       It affects your dexterity (+2).
   rF:        It protects you from fire.
   rC:        It protects you from cold.
Scrolls
 a - a scroll of identify
 e - a scroll of teleportation
 s - a scroll of vulnerability {unknown}
Potions
 b - 2 potions of haste {unknown}
 d - 2 potions of might
 f - a potion of resistance
 h - a potion of cancellation
 i - a potion of mutation {unknown}
 k - a potion of berserk rage {unknown}
 l - a potion of degeneration {unknown}
 n - 2 potions of heal wounds
 r - a potion of curing {unknown}

Dungeon Overview and Level Annotations

Branches:
Dungeon (8/15)             Temple (1/1) D:6
   Lair: D:8-11

Altars:
Dithmenos
Elyvilon
Fedhas
Gozag
Hepliaklqana
Kikubaaqudgha
Nemelex Xobeh
Okawaru
Sif Muna
Uskayaw
Vehumet
Wu Jian
Xom
Yredelemnul
Zin


Message History

The yak is lightly wounded.
The yak gores you!
You barely miss the yak.
The yak is lightly wounded.
You hit the yak. You barely miss the yak. The yak gores you.
You block the yak's attack. The yak gores you but does no damage.
The yak barely misses you. The yak gores you but does no damage.
The yak gores you.
You hit the yak.
The yak is moderately wounded.
You slash the yak! You hit the yak. The yak gores you but does no damage.
The yak gores you. The yak gores you but does no damage.
You slash the yak!
The yak is heavily wounded.
You slash the yak! x2
The yak gores you! The yak barely misses you. The yak gores you!
You barely miss the yak.
The yak is heavily wounded.
You hit the yak but do no damage. You slash the yak!
The yak gores you but does no damage. The yak barely misses you. x2
You barely miss the yak.
The yak is severely wounded.
You barely miss the yak. You hit the yak. The yak gores you but does no damage.
The yak gores you. The yak gores you but does no damage.
You completely miss the yak.
The yak is severely wounded.
You barely miss the yak. You slash the yak! The yak barely misses you.
The yak closely misses you. The yak gores you but does no damage.
You slash the yak!
The yak is almost dead.
You barely miss the yak. You hit the yak. The yak closely misses you.
You block the yak's attack. The yak gores you!
5058 ||| READING 2 scrolls of teleportation.
As you read the scroll of teleportation, it crumbles to dust.
You feel strangely unstable. The yak gores you!
You die...

#.# #.# #.#
### #.#
####... #.#
....... #.#
....... #.#
Y......
#.#####Y......
#.....@YY.....
#######YY.....
.......
#######


You could see 6 yaks.

Vanquished Creatures
  Pikel (D:6)
  Menkaure (D:6)
  An orc warrior (D:8)
  4 centaurs
  A phantom (D:5)
  3 lemures (D:6)
  Blork the orc (D:3)
  A bullfrog (D:5)
  4 scorpions
  An orc priest (D:4)
  3 hounds
  A sleepcap (D:6)
  Ijyb (D:3)
  Natasha (thrice) (D:2)
  2 iguanas
  3 orc wizards
  6 gnolls
  10 adders
  A shadow imp (D:5)
  A white imp (D:6)
  An ufetubus (D:5)
  2 dart slugs
  18 orcs
  3 ball pythons
  8 endoplasms
  4 giant cockroaches
  3 goblins
  7 hobgoblins
  4 jackals (D:2)
  5 quokkas
  5 bats
  2 frilled lizards
  8 kobolds
  9 rats
128 creatures vanquished.

Vanquished Creatures (others)
  Sigmund (D:4)
  An orc (D:5)
2 creatures vanquished.

Grand Total: 130 creatures vanquished

Notes
Turn   | Place    | Note
-------+----------+-------------------------------------------
     0 | D:1      | qw the Gargoyle Fighter began the quest for the Orb.
     0 | D:1      | Reached XP level 1. HP: 14/14 MP: 1/1
     0 | D:1      | 0 ||| qw: Version: 0.2-a-103-g5a998e5
     0 | D:1      | 0 ||| qw: Game counter: 1085
     0 | D:1      | 0 ||| qw: Always use a shield: true
     0 | D:1      | 0 ||| qw: God list: Okawaru
     0 | D:1      | 0 ||| qw: Allow faded altars: false
     0 | D:1      | 0 ||| qw: Do Orc after D:15 true
     0 | D:1      | 0 ||| qw: Do second Lair branch before Depths: true
     0 | D:1      | 0 ||| qw: Lair rune preference: random
     0 | D:1      | 0 ||| qw: Plans: Normal, Zot:1-4, Slime:5, God:TSO, Crypt,
                  | Tomb, Pan, Hells, Abyss, Win
     0 | D:1      | 0 ||| PLANNING D:1-11
   124 | D:1      | Reached skill level 2 in Axes
   176 | D:1      | 176 ||| DROPPING +0 club.
   300 | D:1      | Reached XP level 2. HP: 19/19 MP: 2/2
   730 | D:1      | 730 ||| READING scroll labelled AQOEMO OLIEPHA.
   731 | D:1      | 731 ||| READING scroll labelled RETWEO TICEETO.
   732 | D:1      | 732 ||| READING scroll labelled NUZICI FAWKE.
   736 | D:1      | 736 ||| READING scroll labelled XUUXKI MOCLUCAPO.
   737 | D:1      | 737 ||| READING scroll labelled CUISOZ LOTHROHA.
   812 | D:2      | Reached skill level 3 in Axes
   812 | D:2      | Reached XP level 3. HP: 22/23 MP: 3/3
   833 | D:2      | Noticed Natasha
   835 | D:2      | 835 ||| Stepping ~*~*~tactically~*~*~ (hiding).
   842 | D:2      | Killed Natasha
   884 | D:2      | 884 ||| Stepping ~*~*~tactically~*~*~ (stealth).
   897 | D:2      | Reached XP level 4. HP: 25/28 MP: 4/4
   939 | D:2      | Noticed Natasha
   940 | D:2      | 940 ||| Stepping ~*~*~tactically~*~*~ (hiding).
   941 | D:2      | 941 ||| Stepping ~*~*~tactically~*~*~ (hiding).
   942 | D:2      | 942 ||| Stepping ~*~*~tactically~*~*~ (hiding).
   945 | D:2      | 945 ||| Stepping ~*~*~tactically~*~*~ (hiding).
   946 | D:2      | 946 ||| Stepping ~*~*~tactically~*~*~ (hiding).
   951 | D:2      | Killed Natasha
   952 | D:2      | Reached skill level 4 in Axes
  1008 | D:2      | Noticed Natasha
  1009 | D:2      | 1009 ||| Stepping ~*~*~tactically~*~*~ (hiding).
  1010 | D:2      | 1010 ||| Stepping ~*~*~tactically~*~*~ (hiding).
  1025 | D:2      | Killed Natasha
  1293 | D:2      | Reached XP level 5. HP: 32/32 MP: 5/5
  1469 | D:2      | 1469 ||| READING scroll labelled GOLICI RUAGAWA.
  1470 | D:2      | 1470 ||| READING 2 scrolls of identify.
  1470 | D:2      | 1470 ||| IDENTIFYING emerald potion
  1495 | D:3      | Noticed Ijyb
  1496 | D:3      | 1496 ||| Stepping ~*~*~tactically~*~*~ (hiding).
  1498 | D:3      | 1498 ||| Stepping ~*~*~tactically~*~*~ (stealth).
  1517 | D:3      | Killed Ijyb
  1552 | D:3      | Found a faded altar of an unknown god.
  1719 | D:3      | Reached skill level 5 in Axes
  1745 | D:3      | 1745 ||| Stepping ~*~*~tactically~*~*~ (stealth).
  1757 | D:3      | 1757 ||| Stepping ~*~*~tactically~*~*~ (stealth).
  1758 | D:3      | 1758 ||| Stepping ~*~*~tactically~*~*~ (stealth).
  1760 | D:3      | 1760 ||| Stepping ~*~*~tactically~*~*~ (stealth).
  1833 | D:3      | 1833 ||| UPGRADING to ring of see invisible.
  1834 | D:3      | 1834 ||| DRINKING 2 sedimented brown potions.
  1858 | D:3      | Identified the +0 chain mail "Derghuics" {Stlth+}
  1867 | D:3      | Identified the ring "Facoicev" {Wiz rF+ rC+ Str+2 Dex+2}
  1874 | D:3      | 1874 ||| Stepping ~*~*~tactically~*~*~ (stealth).
  1936 | D:3      | Identified the +3 leather armour of Yredelemnul, Singing
                  | {Will+ Int+2 Stlth+}
  2130 | D:3      | 2130 ||| DROPPING +0 mace.
  2285 | D:3      | 2285 ||| UPGRADING to +0 chain mail "Derghuics" {Stlth+}.
  2295 | D:3      | 2295 ||| DROPPING +0 scale mail.
  2296 | D:3      | 2296 ||| UPGRADING to ring "Facoicev" {Wiz rF+ rC+ Str+2
                  | Dex+2}.
  2297 | D:3      | 2297 ||| READING scroll labelled DUKLOL VOCZOCW.
  2298 | D:3      | 2298 ||| READING scroll labelled ZIS ILEXKIGH.
  2299 | D:3      | 2299 ||| READING scroll labelled IPNIUJ XAG USCH.
  2300 | D:3      | 2300 ||| DROPPING potion of flight.
  2331 | D:4      | Noticed Blork the orc
  2332 | D:4      | Reached skill level 1 in Dodging
  2332 | D:4      | Reached XP level 6. HP: 33/38 MP: 6/6
  2332 | D:4      | 2332 ||| STAIRDANCE
  2334 | D:4      | 2334 ||| STAIRDANCE
  2336 | D:4      | 2336 ||| STAIRDANCE
  2395 | D:4      | 2395 ||| STAIRDANCE
  2404 | D:3      | Killed Blork the orc
  2499 | D:4      | 2499 ||| DROPPING +0 flail.
  2520 | D:4      | 2520 ||| Stepping ~*~*~tactically~*~*~ (hiding).
  2521 | D:4      | 2521 ||| Stepping ~*~*~tactically~*~*~ (hiding).
  2522 | D:4      | 2522 ||| Stepping ~*~*~tactically~*~*~ (hiding).
  2526 | D:4      | 2526 ||| Stepping ~*~*~tactically~*~*~ (hiding).
  2598 | D:4      | Found a hazy altar of Hepliaklqana.
  2677 | D:4      | Reached XP level 7. HP: 36/43 MP: 7/7
  2847 | D:4      | Found a sparkling altar of Nemelex Xobeh.
  2882 | D:4      | Noticed Sigmund
  2893 | D:4      | Killed Sigmund
  2894 | D:4      | Reached skill level 6 in Axes
  2907 | D:4      | 2907 ||| FLEEEEING.
  2908 | D:4      | 2908 ||| FLEEEEING.
  2909 | D:4      | 2909 ||| FLEEEEING.
  2910 | D:4      | 2910 ||| FLEEEEING.
  2911 | D:4      | 2911 ||| FLEEEEING.
  2912 | D:4      | 2912 ||| FLEEEEING.
  2913 | D:4      | 2913 ||| FLEEEEING.
  2914 | D:4      | 2914 ||| FLEEEEING.
  2915 | D:4      | 2915 ||| FLEEEEING.
  2916 | D:4      | 2916 ||| FLEEEEING.
  2917 | D:4      | 2917 ||| FLEEEEING.
  2918 | D:4      | 2918 ||| FLEEEEING.
  2919 | D:4      | 2919 ||| FLEEEEING.
  2921 | D:4      | 2921 ||| FLEEEEING.
  2922 | D:4      | 2922 ||| STAIRDANCE
  2974 | D:3      | 2974 ||| READING scroll labelled KAUROIKHUT.
  3075 | D:3      | 3075 ||| READING 2 scrolls of identify.
  3075 | D:3      | 3075 ||| IDENTIFYING bubbling clear potion
  3437 | D:4      | 3437 ||| DRINKING 3 orange potions.
  3438 | D:4      | 3438 ||| READING 2 scrolls of identify.
  3438 | D:4      | 3438 ||| IDENTIFYING fuming purple potion
  3439 | D:4      | 3439 ||| DROPPING potion of magic.
  3452 | D:5      | Entered Level 5 of the Dungeon
  3453 | D:5      | 3453 ||| PLANNING SEWER
  3593 | D:5      | Reached skill level 7 in Axes
  3632 | D:5      | 3632 ||| Stepping ~*~*~tactically~*~*~ (stealth).
  3634 | D:5      | 3634 ||| Stepping ~*~*~tactically~*~*~ (stealth).
  3640 | D:5      | Reached XP level 8. HP: 46/48 MP: 8/8
  3645 | D:5      | 3645 ||| Stepping ~*~*~tactically~*~*~ (stealth).
  3646 | D:5      | 3646 ||| Stepping ~*~*~tactically~*~*~ (stealth).
  3683 | D:5      | 3683 ||| FLEEEEING.
  3684 | D:5      | 3684 ||| FLEEEEING.
  3685 | D:5      | 3685 ||| FLEEEEING.
  3686 | D:5      | 3686 ||| FLEEEEING.
  3688 | D:5      | 3688 ||| FLEEEEING.
  3689 | D:5      | 3689 ||| FLEEEEING.
  3690 | D:5      | 3690 ||| FLEEEEING.
  3691 | D:5      | 3691 ||| FLEEEEING.
  3692 | D:5      | 3692 ||| FLEEEEING.
  3693 | D:5      | 3693 ||| FLEEEEING.
  3695 | D:5      | 3695 ||| FLEEEEING.
  3696 | D:5      | 3696 ||| FLEEEEING.
  3697 | D:5      | 3697 ||| FLEEEEING.
  3698 | D:5      | 3698 ||| FLEEEEING.
  3699 | D:5      | 3699 ||| FLEEEEING.
  3700 | D:5      | 3700 ||| FLEEEEING.
  3701 | D:5      | 3701 ||| FLEEEEING.
  3702 | D:5      | 3702 ||| FLEEEEING.
  3703 | D:5      | 3703 ||| FLEEEEING.
  3704 | D:5      | 3704 ||| FLEEEEING.
  3707 | D:5      | 3707 ||| FLEEEEING.
  3708 | D:5      | 3708 ||| FLEEEEING.
  3709 | D:5      | 3709 ||| FLEEEEING.
  3712 | D:5      | 3712 ||| FLEEEEING.
  3713 | D:5      | 3713 ||| FLEEEEING.
  3714 | D:5      | 3714 ||| FLEEEEING.
  3715 | D:5      | 3715 ||| FLEEEEING.
  3723 | D:5      | 3723 ||| FLEEEEING.
  3724 | D:5      | 3724 ||| FLEEEEING.
  3725 | D:5      | 3725 ||| FLEEEEING.
  3726 | D:5      | 3726 ||| FLEEEEING.
  3727 | D:5      | 3727 ||| FLEEEEING.
  3728 | D:5      | 3728 ||| FLEEEEING.
  3731 | D:5      | 3731 ||| FLEEEEING.
  3732 | D:5      | 3732 ||| FLEEEEING.
  3733 | D:5      | 3733 ||| FLEEEEING.
  3734 | D:5      | 3734 ||| FLEEEEING.
  3736 | D:5      | 3736 ||| FLEEEEING.
  3737 | D:5      | 3737 ||| FLEEEEING.
  3738 | D:5      | 3738 ||| FLEEEEING.
  3739 | D:5      | 3739 ||| FLEEEEING.
  3740 | D:5      | 3740 ||| FLEEEEING.
  3741 | D:5      | 3741 ||| FLEEEEING.
  3742 | D:5      | 3742 ||| FLEEEEING.
  3743 | D:5      | 3743 ||| FLEEEEING.
  3744 | D:5      | 3744 ||| FLEEEEING.
  3745 | D:5      | 3745 ||| FLEEEEING.
  3746 | D:5      | 3746 ||| FLEEEEING.
  3747 | D:5      | 3747 ||| FLEEEEING.
  3748 | D:5      | 3748 ||| FLEEEEING.
  3753 | D:5      | 3753 ||| FLEEEEING.
  3756 | D:5      | 3756 ||| STAIRDANCE
  3838 | D:5      | Found a shimmering altar of Xom.
  4122 | D:5      | 4122 ||| RIP SEWER
  4146 | D:5      | 4146 ||| PLANNING D:1-11
  4162 | D:5      | Identified the +0 pair of gloves of the Shore {rCorr}
  4212 | D:5      | 4212 ||| Stepping ~*~*~tactically~*~*~ (stealth).
  4247 | D:5      | 4247 ||| UPGRADING to +0 pair of gloves of the Shore
                  | {rCorr}.
  4252 | D:5      | 4252 ||| READING scroll labelled PAELUS WAWNA.
  4315 | D:6      | Reached skill level 8 in Axes
  4363 | D:6      | Found a blossoming altar of Fedhas.
  4363 | D:6      | Noticed Pikel
  4364 | D:6      | 4364 ||| Stepping ~*~*~tactically~*~*~ (hiding).
  4367 | D:6      | 4367 ||| Stepping ~*~*~tactically~*~*~ (hiding).
  4368 | D:6      | 4368 ||| Stepping ~*~*~tactically~*~*~ (hiding).
  4369 | D:6      | 4369 ||| Stepping ~*~*~tactically~*~*~ (hiding).
  4386 | D:6      | Killed Pikel
  4387 | D:6      | Reached XP level 9. HP: 47/57 MP: 9/9
  4440 | D:6      | Found a staircase to the Ecumenical Temple.
  4441 | D:6      | 4441 ||| PLANNING TEMPLE
  4450 | Temple   | Entered the Ecumenical Temple
  4451 | Temple   | 4451 ||| PLANNING OKAWARU WORSHIP
  4491 | Temple   | Became a worshipper of Warmaster Okawaru
  4491 | Temple   | 4491 ||| PLANNING D:1-11
  4589 | D:6      | You fall into a shaft and drop 2 floors!
  4789 | D:6      | Reached skill level 9 in Axes
  4810 | D:6      | Noticed Menkaure
  4811 | D:6      | 4811 ||| Stepping ~*~*~tactically~*~*~ (hiding).
  4813 | D:6      | 4813 ||| Stepping ~*~*~tactically~*~*~ (hiding).
  4815 | D:6      | 4815 ||| Stepping ~*~*~tactically~*~*~ (hiding).
  4819 | D:6      | Killed Menkaure
  4864 | D:6      | 4864 ||| Stepping ~*~*~tactically~*~*~ (hiding).
  4868 | D:6      | 4868 ||| Stepping ~*~*~tactically~*~*~ (hiding).
  4941 | D:6      | 4941 ||| Stepping ~*~*~tactically~*~*~ (hiding).
  5057 | D:6      | HP: 9/57 [yak (11)]
  5058 | D:6      | 5058 ||| READING 2 scrolls of teleportation.
  5058 | D:6      | Slain by a yak

Levels and vault maps discovered:
D:1:      amcnicky_arrival_gap_in_the_tavern_cellar, layout_loops_ring
D:2:      layout_basic, uniq_natasha
D:3:      layout_loops_ring, chequers_ecumenical_altar_simple,
          minmay_misc_feat_five, minmay_misc_feat_rows,
          kennysheep_generic_room_5, uniq_ijyb
D:4:      layout_rooms, mainiacjoe_overflow_surrounded_room, marbit_many_paths,
          serial_rivers, chequers_serial_rivers_micro_a,
          chequers_serial_rivers_micro_d, chequers_serial_rivers_large_a,
          chequers_serial_rivers_large_b, chequers_serial_rivers_micro_d,
          minmay_cut_off, uniq_sigmund, uniq_blork_the_orc
D:5:      layout_loops_ring, xom_confusion_cloud, gup_sewer_entry_pipe
D:6:      layout_basic, nicolae_overflow_crystal_walls,
          nicolae_ru_path_of_blood, minmay_temple_entry_butterflies, uniq_pikel,
          uniq_menkaure
D:7:      layout_loops_corners, nicolae_tso_swordbearing_angel
D:8:      layout_rooms, mainiacjoe_overflow_concentric_impassable,
          kennysheep_little_box, uniq_joseph
Temple:   nicolae_temple_ecumenical_triangle

Skill      XL: |  1  2  3  4  5  6  7  8  9 |
---------------+----------------------------+-----
Axes           | 2 3 4 5 7 8 9 |  9.0
Fighting       | 4 7 |  7.6
Dodging        | 1 |  1.0
Throwing       | 2 |  2.0
Armour         | 4 |  4.0
Shields        | |  3.5

Action                     |  1- 3 |  4- 6 |  7- 9 || total
---------------------------+-------+-------+-------++-------
  Melee: War axe           |    63 |   154 |   191 ||   408
         Unarmed           |       |       |     2 ||     2
  Throw: Boomerang         |       |    32 |    60 ||    92
    Use: Scroll            |     5 |     5 |     5 ||    15
         Potion            |       |     1 |     1 ||     2
   Stab: Confused          |       |       |     1 ||     1
 Armour: Scale mail        |    54 |    43 |       ||    97
         Chain mail        |       |    27 |   142 ||   169
  Dodge: Dodged            |    39 |    89 |   127 ||   255
  Block: Buckler           |     9 |    31 |    48 ||    88

Table legend:
 A = Non-vault XP
 B = Vault XP
 C = Vault XP percentage of total XP
 D = Non-vault monster count
 E = Vault monster count
 F = Vault count percentage of total count
                 A         B        C        D         E       F
            +---------+---------+-------+---------+---------+-------
      Total |    1465 |    1662 |  53.1 |      97 |      29 |  23.0
            +---------+---------+-------+---------+---------+-------
        D:1 |      19 |       0 |   0.0 |      13 |       0 |   0.0
        D:2 |     126 |      36 |  22.2 |      21 |       1 |   4.5
        D:3 |     160 |     145 |  47.5 |      20 |       6 |  23.1
        D:4 |     374 |     186 |  33.2 |      23 |       5 |  17.9
        D:5 |     130 |     506 |  79.6 |       3 |      15 |  83.3
        D:6 |     390 |     789 |  66.9 |       9 |       2 |  18.2
        D:7 |     115 |       0 |   0.0 |       2 |       0 |   0.0
        D:8 |     151 |       0 |   0.0 |       6 |       0 |   0.0
            +---------+---------+-------+---------+---------+-------
